 Dungeon Crawl Stone Soup version 0.30.0-11-gf55b779eaf (webtiles) character file.

Game seed: 2188818094661005852

282 GigaChad the Covered (level 6, -2/54 HPs)
             Began as an Armataur Fighter on May 17, 2023.
             Killed from afar by Robin (9 damage)
             ... with a bolt of light
             ... on level 4 of the Dungeon.
             The game lasted 00:03:08 (2210 turns).

GigaChad the Covered (Armataur Fighter)             Turns: 2210, Time: 00:03:08

Health: -2/54      AC: 11    Str: 23    XL:     6   Next: 6%
Magic:  6/6        EV:  7    Int:  8    God:
Gold:   192        SH:  4    Dex: 10    Spells: 5/5 levels left

rFire   . . .        a - +1 war axe (chaos)
rCold   . . .        c - +0 buckler
rNeg    . . .        h - +4 scale mail
rPois   .            (no helmet)
rElec   .            (no cloak)
rCorr   .            (no gloves)
SInv    .            (no barding)
Will    .....        (no amulet) Stlth
                     (no ring)
HPRegen 0.29/turn    (no ring)
MPRegen 0.10/turn

%: roll
@: no status effects
A: large, rugged brown scales 3, deformed body, armoured tail, roll, long
tongue, awkward tongue
a: no special abilities


You were on level 4 of the Dungeon.
You visited 1 branch of the dungeon, and saw 4 of its levels.

You collected 192 gold pieces.

Inventory:

Hand Weapons
 a - a +1 war axe of chaos (weapon)
Armour
 b - a +0 scale mail
 c - a +0 buckler (worn)
 h - a +4 scale mail (worn)
Jewellery
 l - a ring of magical power
Scrolls
 e - 6 scrolls of identify
 i - 2 scrolls of vulnerability {unknown}
 m - a scroll of teleportation
Potions
 d - a potion of might
 f - a potion of haste
 g - a potion of curing {unknown}
 j - a potion of degeneration {unknown}
 k - a potion of heal wounds {unknown}


   Skills:
 * Level 3.5 Fighting
 * Level 3.9 Axes
 * Level 5.0 Armour
 * Level 3.8 Shields


You had 5 spell levels left.
You didn't know any spells.
Your spell library contained the following spells:

 Spells                   Type           Power      Damage    Failure   Level
 Call Canine Familiar     Summ           0%         N/A       98%         3
 Portal Projectile        Hex/Tloc       0%         N/A       98%         3
 Leda's Liquefaction      Hex/Erth       0%         N/A       100%        4


Dungeon Overview and Level Annotations

Branches:
Dungeon (4/15)
 Temple: D:4-7

Altars:
Fedhas
Kikubaaqudgha
Nemelex Xobeh
Yredelemnul

Annotations:
D:4 Robin


Innate Abilities, Weirdness & Mutations

You are completely covered in rugged brown scales. (AC +3, +7% HP)
Armour fits poorly on your strangely shaped body.
You have a long armoured tail.
You roll when moving toward enemies. (Rampage)
Your long tongue fully drains potion bottles. (2x potion effects)
Your tongue gives you trouble enunciating. (1.5x scroll delay)


Message History

Blork the orc barely misses you.
Unknown command.
You are too injured to fight recklessly!
Unknown command.
You are too injured to fight recklessly!
Unknown command.
You are too injured to fight recklessly!
Unknown command.
You are too injured to fight recklessly!
Unknown command.
You hit the dart slug.
You tail-slap the dart slug, but do no damage.
The dart slug is severely wounded.
You slash the endoplasm!
You kill the endoplasm!
You slash the goblin!
You kill the goblin!
You closely miss Blork the orc. The dart slug bites you.
Blork the orc hits you with a +0 dire flail.
Robin zaps a wand.
The bolt of light hits the goblin!
The goblin dies!
The bolt of light hits you!
* * * LOW HITPOINT WARNING * * *
The dart slug bites you.
* * * LOW HITPOINT WARNING * * *
Blork the orc hits you with a +0 dire flail.
* * * LOW HITPOINT WARNING * * *
You hit the dart slug. You burn the dart slug.
You kill the dart slug!
You hit Blork the orc but do no damage.
Space warps horribly around Blork the orc!
You kill Blork the orc!
The hobgoblin no longer looks unusually strong.
Your Armour skill increases to level 5!
You have reached level 6!
You hit the hobgoblin.
Nothing appears to happen.
The hobgoblin is moderately wounded.
You hit Robin.
You feel better. You block Robin's attack. The hobgoblin barely misses you.
Robin zaps a wand.
The bolt of light hits you!
You die...

#..........#..............#
#......#..###.............#
#......##.# #.............#
##....###.# #............##
##... #.# ##...........#
#### #.. #..........## #..
#........### ... ##))...###
#)@#### ......)gg..)...
.#.....g.......
#..######..... #.. ..... #.
.... # ... ...


You could see Robin and 2 hobgoblins.

Vanquished Creatures
  Blork the orc (D:4)
  2 vampire bats (D:3)
  5 adders
  A worm (D:2)
  5 dart slugs
  8 ball pythons
  3 bat skeletons (D:3)
  3 bat zombies (D:3)
  3 endoplasms
  6 giant cockroaches
  5 hobgoblins
  4 jackals (D:2)
  3 quokkas (D:2)
  3 bats
  2 frilled lizards
  13 goblins
  6 kobolds
  5 rats
78 creatures vanquished.

Vanquished Creatures (others)
  A goblin (D:4)
1 creature vanquished.

Grand Total: 79 creatures vanquished

Notes
Turn   | Place    | Note
-------+----------+-------------------------------------------
     0 | D:1      | GigaChad the Armataur Fighter began the quest for the Orb.
     0 | D:1      | Reached XP level 1. HP: 19/19 MP: 1/1
   109 | D:1      | Reached XP level 2. HP: 26/26 MP: 2/2
   402 | D:1      | Reached skill level 4 in Armour
   416 | D:1      | Found a faded altar of an unknown god.
   416 | D:1      | Noticed a crimson imp
   742 | D:2      | Reached XP level 3. HP: 33/33 MP: 3/3
  1197 | D:2      | Reached XP level 4. HP: 30/40 MP: 4/4
  1496 | D:3      | Found a blossoming altar of Fedhas.
  1790 | D:3      | Found a sparkling altar of Nemelex Xobeh.
  1809 | D:3      | Found a basalt altar of Yredelemnul.
  2062 | D:3      | Found an ancient bone altar of Kikubaaqudgha.
  2069 | D:3      | Reached XP level 5. HP: 45/48 MP: 5/5
  2197 | D:4      | Noticed Robin
  2199 | D:4      | Noticed Blork the orc
  2209 | D:4      | Killed Blork the orc
  2210 | D:4      | Reached skill level 5 in Armour
  2210 | D:4      | Reached XP level 6. HP: 5/54 MP: 6/6
  2210 | D:4      | Killed from afar by Robin

Illustrated notes

Levels and vault maps discovered:
D:1:      tarquinn_simple_flora_water_a, layout_basic,
          dreamdust_ecumenical_altar_sealed_demon
D:2:      layout_basic
D:3:      layout_loops_ring, kennysheep_vampire_church, general_overflow_altar,
          mainiacjoe_overflow_alcove_4, nemelex_diamond_rough_becter
D:4:      layout_cave_pods, lemuel_coloured_pillars_altar, old_standard_altar,
          uniq_robin, uniq_blork_the_orc

Skill      XL: |  1  2  3  4  5 |
---------------+----------------+-----
Fighting       | 3 |  3.5
Axes           | 2 3 |  3.9
Armour         | 4 5 |  5.0
Shields        | |  3.8

Action                     |  1- 3 |  4- 6 || total
---------------------------+-------+-------++-------
  Melee: War axe           |   114 |    59 ||   173
         Tailslap          |    10 |     8 ||    18
    Use: Scroll            |     2 |     7 ||     9
 Armour: Scale mail        |    66 |    56 ||   122
  Dodge: Dodged            |    45 |    31 ||    76
  Block: Buckler           |    25 |    18 ||    43
